 Dungeon Crawl Stone Soup version 0.31-a0-963-ga325b2283a (webtiles) character file.

Game seed: 10136447965546958817

1 Azuregosa the Ruffian (level 1, 17/17 HPs)
             Began as a Djinni Shapeshifter on Oct 24, 2023.
             Quit the game on level 1 of the Dungeon.
             The game lasted 00:00:57 (36 turns).

Azuregosa the Ruffian (Djinni Shapeshifter)           Turns: 36, Time: 00:00:57

Health: 17/17      AC:  2    Str: 13    XL:     1   Next: 22%
Gold:   13         EV: 11    Int: 11    God:
                   SH:  3    Dex: 12

rFire   + +          .
                       - Unarmed
rCold   x . .        e - +0 buckler
rNeg    . . .        a - +0 animal skin
rPois   ∞            (helmet currently unavailable)
rElec   .            (cloak currently unavailable)
rCorr   .            (gloves currently unavailable)
SInv    .            (boots unavailable)
Will    .....        (no amulet)
Stlth   +            (no ring)
HPRegen 0.22/turn    (no ring)
MPRegen 0.00/turn

%: no passive effects
@: beast-form, flying
A: beast (slay +1), flying, sickness immunity, fire resistance 2, cold
vulnerability 1, float, innate caster, HP casting, extra vitality 1
a: Begin Untransformation


You were on level 1 of the Dungeon.
You were a hulking beast.
You visited 1 branch of the dungeon, and saw 1 of its levels.

You collected 13 gold pieces.

Inventory:

Armour
 a - a +0 animal skin (worn)
 e - a +0 buckler (worn)
Talismans
 c - a beast talisman
 d - a flux talisman
Potions
 b - a potion of lignification


   Skills:
 - Level 1.0 Fighting
 - Level 2.1 Dodging
 - Level 3.0 Unarmed Combat
 + Level 2.7 Shapeshifting You didn't know any spells. Your spell library was empty.

Dungeon Overview and Level Annotations

Branches:
Dungeon (1/15)

Altars:


Innate Abilities, Weirdness & Mutations

You are a hulking beast.
Your limbs bulge with bestial killing power. (Slay +1)
You are flying.
You are immune to sickness and miasma.
You are immune to poison.
Your flesh is very heat resistant. (rF++)
You are vulnerable to cold. (rC-)
You float through the air rather than walking.
You learn spells naturally, not from books.
Your magical power is your life essence.
You have superior vitality. (+4 MHP)


Message History

Welcome, Azuregosa the Djinni Shapeshifter.
It's a long way down to the Orb of Zot, but that shouldn't be any trouble.
Press ? for a list of commands and other information.
Found 13 gold pieces.
Found a staircase leading out of the dungeon.
You now have 13 gold pieces.
Found three escape hatches in the floor.
A ball python comes into view.
The ball python hisses angrily.
Found a buckler.
The ball python bites you. The ball python misses you.
You hit the ball python.
The ball python is severely wounded.
The ball python bites you but does no damage.
The ball python barely misses you.
You hit the ball python.
You kill the ball python!
You see here a +0 buckler.
e - a +0 buckler
Okay, then.
HP restored.
You start putting on your armour.
You continue putting on your +0 buckler. x4
You finish putting on your +0 buckler.
Are you sure you want to abandon this character and quit the game? (Confirm with "yes".)

#........ ###
#.##+## #.8.....8 .
.. .....# #........
..##.###....#
#........
............#
#.8.....8
......#.....#
#........
............#
#........
#.........#
.#.8.....8
#h....##.#........
#..#+#...#........
#......###.8.....8
#..#.....#........
#..#.#.#.#>...>...
...#.#....#.......
....#.###....######
..### ##...# #...#


There were no monsters in sight!

Vanquished Creatures
  A ball python (D:1)
1 creature vanquished.

Notes
Turn   | Place    | Note
-------+----------+-------------------------------------------
     0 | D:1      | Azuregosa the Djinni Shapeshifter began the quest for the
                  | Orb.
     0 | D:1      | Reached XP level 1. HP: 17/17 MP: 0/0
    36 | D:1      | Quit the game

Illustrated notes

Levels and vault maps discovered:
D:1:      lemuel_arrival_broad_hall, layout_basic

Action                     || total
---------------------------++-------
  Melee: Unarmed           ||     2
 Armour: Animal skin       ||     2
  Dodge: Dodged            ||     2

Table legend: (Time is in decaauts)
 A = Elapsed time spent in this place.
 B = Non-inter-level travel time spent in this place.
 C = Inter-level travel time spent in this place.
 D = Time resting spent in this place.
 E = Time spent auto-exploring this place.
 F = Levels seen in this place.
 G = Mean time per level.
                   A        B        C        D        E       F      G
               +--------+--------+--------+--------+--------+-----+--------+
         Total |     35 |     35 |      0 |      0 |     17 |   1 |   35.0 |
       Dungeon |     35 |     35 |      0 |      0 |     17 |   1 |   35.0 |
               +--------+--------+--------+--------+--------+-----+--------+

Top non-repeatable levels by time:
     D:1: 35 daAuts
